 Dungeon Crawl Stone Soup version v1.0-3-g0d6430d (webtiles) character file.

8295 Nelagend the Spear-Bearer (level 11, -50/89 HPs)
             Began as a Fungoid Torpor Knight on Oct 13, 2018.
             Was a High Priest of Cheibriados.
             Annihilated by an enormous slime creature (57 damage)
             ... on level 8 of the Dungeon on Oct 16, 2018.
             The game lasted 00:50:03 (9401 turns).

Nelagend the Spear-Bearer (Fungoid Torpor Knight)   Turns: 9401, Time: 00:50:03

Health: -50/89     AC: 19    Str: 32    XL:     11   Next: 28%
Magic:  12/12      EV: 11    Int: 29    God:    Cheibriados [*****.]
Gold:   235        SH:  7    Dex: 27    Spells: 10/10 levels left

rFire    + . .     SeeInvis .   a - +0 trident
rCold    . . .     Gourm    +   i - +0 buckler
rNeg     + . .     Faith    .   e - +0 plate armour {ponderous}
rPois    .         Spirit   .   s - +2 helmet
rElec    .         Reflect  .   (no cloak)
rCorr    .         Harm     .   (no gloves)
MR       +....                  (boots unavailable)
Stlth    ..........             n - amulet of the gourmand
HPRegen  0.24/turn              r - +3 ring of protection
MPRegen  0.13/turn              L - +4 ring of strength

@: very slow
A: no boots, spores, repulsion field 1, fire resistance 1, negative energy
resistance 1, slowness 3
a: Bend Time, Temporal Distortion, Slouch, Step From Time, Renounce Religion


You were on level 8 of the Dungeon.
You worshipped Cheibriados.
Cheibriados was extremely pleased with you.
You were full.

You visited 2 branches of the dungeon, and saw 10 of its levels.

You collected 451 gold pieces.
You spent 216 gold pieces at shops.

Inventory:

Hand Weapons
 a - a +0 trident (weapon)
 b - a +0 hunting sling
 m - the +7 broad axe "Yleotaerph" {antimagic, +Rage}
   (You acquired it on level 8 of the Dungeon)

   It reduces the magical energy of the wielder, and disrupts the spells and
   magical abilities of those hit.
   Natural abilities and divine invocations are not affected.
   It lets you go berserk.
 o - a +0 blowgun
Missiles
 d - 104 sling bullets
 h - 227 stones (quivered)
 k - 132 arrows
 p - 68 bolts
 v - 40 poisoned needles
 H - a throwing net
Armour
 e - a +0 plate armour of ponderousness (worn)
 i - a +0 buckler (worn)
 q - a +0 shield
 s - a +2 helmet (worn)
 A - a +0 cloak
Magical Staves
 j - an uncursed staff of air
 N - an uncursed staff of death
Jewellery
 n - an amulet of the gourmand (around neck)
 r - a +3 ring of protection (left hand)
 t - an uncursed amulet of the acrobat {unknown}
 L - a +4 ring of strength (right hand)
 M - an uncursed ring of resist corrosion
Wands
 g - a wand of acid (9)
 B - a wand of flame (57)
 F - a wand of polymorph (12)
 I - a wand of digging (10)
Scrolls
 u - a scroll of fog
 y - a scroll of amnesia
 D - 2 scrolls of remove curse
 E - 5 scrolls of teleportation
Potions
 f - 2 potions of lignification
 l - a potion of mutation
 w - 3 potions of might
 x - 2 potions of curing {unknown}
 z - 2 potions of magic
 C - a potion of flight {unknown}
 G - 2 potions of resistance
 J - a potion of ambrosia {unknown}
Comestibles
 c - 24 rations


   Skills:
 + Level 6.1 Fighting
 - Level 2.5(6.9) Axes
 * Level 10.1(10.2) Polearms
 + Level 6.4(6.5) Slings
 - Level 1.2(3.9) Throwing
 + Level 6.2 Armour
 + Level 2.0 Dodging
 + Level 7.9 Stealth
 - Level 4.1 Shields
 * Level 2.2 Invocations
 + Level 1.2 Evocations


You had 10 spell levels left.
You didn't know any spells.

Dungeon Overview and Level Annotations

Branches:
Dungeon (9/15)             Temple (1/1) D:7
   Lair: D:8-11         Orc: D:9-12

Altars:
Ashenzari
Kikubaaqudgha
Makhleb
Nemelex Xobeh
Sif Muna
Wu Jian
Yredelemnul
The Shining One

Shops:
D:5 *


Innate Abilities, Weirdness & Mutations

You have roots in place of feet.
You sometimes release spores when you attack.
You resist negative energy. (rN+)
You cover ground extremely slowly.
You are surrounded by a mild repulsion field. (EV +2)
Your flesh is heat resistant. (rF+)


Message History

The very large slime creature closely misses you.
The large slime creature barely misses you.
You block the slime creature's attack.
A large slime creature splits.
The slime creature barely misses you.
A very large slime creature splits.
Two slime creatures merge to form a very large slime creature.
The slime creature hits you.
There is an escape hatch in the ceiling here.
The slime creature closely misses you.
The very large slime creature hits you!!!
* * * LOW HITPOINT WARNING * * *
Two slime creatures merge to form an enormous slime creature.
The slime creature barely misses you. A mysterious force pulls you upwards.
The hatch slams shut behind you.
Okay, then.
You fail to use your ability.
You block the slime creature's attack. x2
You fail to use your ability.
The slime creature hits you.
* * * LOW HITPOINT WARNING * * *
The enormous slime creature hits you!!!
Ouch! That really hurt!
You die...

#####..####'##
#....#...#...#..
#............#
#.....#)..#...#.
######.......#
#.........)..... #####.......#
#...#...#...#...
#........#+####....#...#...#..
#.######.#..........#...#...#.
#.#....#.#.........#...#...#..
#.#.##.....>.JJ...#...#...#...
#.#.####.....@.#..............
#.#.........J..#....#...#...#.
#.########'....#...#...#...#..
#.........'....#..#...#...#...
###########....#...#...#...#..
####........#...#...#.
#.....................
#.....................
#....################.


You could see an enormous slime creature and 2 slime creatures.

Vanquished Creatures
  5 two-headed ogres
  Pikel (D:6)
  Maurice (D:9)
  The ghost of TwoGrow the Insei, a novice KiTm (D:4)
  A hippogriff (D:7)
  Sigmund (D:2)
  2 hungry ghosts
  A water moccasin (D:8)
  Duvessa (D:6)
  4 orc warriors
  2 sky beasts
  A black bear (D:9)
  2 phantoms
  4 ogres
  The ghost of TheOrbIsALie the Conjurer, an amateur ODSo (D:3)
  3 centaurs
  A big kobold (D:8)
  6 bullfrogs
  A scorpion (D:5)
  Dowan (D:6)
  6 killer bees (D:9)
  A wight (D:8)
  2 jellies (D:9)
  3 howler monkeys (D:7)
  A crimson imp (D:7)
  A quasit (D:7)
  4 orc priests
  3 hounds
  5 orc wizards
  Ijyb (D:5)
  2 iguanas
  6 worker ants
  A hound skeleton (D:4)
  A worker ant zombie (D:6)
  5 gnolls
  10 adders
  2 shadow imps
  An adder zombie (D:7)
  An ooze (D:2)
  3 worms
  2 dart slugs
  6 leopard geckos
  21 orcs
  5 bats
  4 giant cockroaches
  9 goblins
  6 hobgoblins
  9 jackals
  15 kobolds
  2 quokkas
  2 ball pythons
  5 frilled lizards
  A leopard gecko skeleton (D:8)
  A leopard gecko zombie (D:8)
  5 rats
192 creatures vanquished.

Vanquished Creatures (others)
  2 slaves (D:6)
  A centaur (D:8)
  A scorpion (D:6)
  A gnoll (D:6)
5 creatures vanquished.

Grand Total: 197 creatures vanquished

Notes
Turn   | Place    | Note
-------+----------+-------------------------------------------
     0 | D:1      | Nelagend the Fungoid Torpor Knight began the quest for the Orb.
     0 | D:1      | Reached XP level 1. HP: 19/19 MP: 2/2
   109 | D:1      | Reached XP level 2. HP: 17/26 MP: 3/3
   321 | D:1      | Reached skill level 2 in Polearms
   804 | D:1      | Reached XP level 3. HP: 31/31 MP: 4/4
   934 | D:1      | Reached ** piety under Cheibriados
  1247 | D:2      | Noticed Sigmund
  1275 | D:2      | Reached XP level 4. HP: 38/38 MP: 5/5
  1305 | D:2      | Killed Sigmund
  1305 | D:2      | Reached skill level 3 in Polearms
  1305 | D:2      | Reached skill level 1 in Throwing
  1305 | D:2      | Reached skill level 1 in Stealth
  1305 | D:2      | Reached skill level 1 in Shields
  1305 | D:2      | Reached XP level 5. HP: 35/46 MP: 6/6
  1502 | D:2      | Reached XP level 6. HP: 50/52 MP: 7/7
  1555 | D:2      | Found a basalt altar of Yredelemnul.
  1569 | D:2      | Found an ancient bone altar of Kikubaaqudgha.
  1570 | D:2      | Found a deep blue altar of Sif Muna.
  1571 | D:2      | Reached *** piety under Cheibriados
  1690 | D:3      | Found a sparkling altar of Nemelex Xobeh.
  2179 | D:3      | Reached skill level 4 in Polearms
  2246 | D:3      | Noticed TheOrbIsALie's ghost (amateur ODSo)
  2261 | D:3      | Killed TheOrbIsALie's ghost
  2570 | D:4      | Noticed TwoGrow's ghost (novice KiTm)
  2734 | D:4      | Reached XP level 7. HP: 52/58 MP: 8/8
  2997 | D:4      | Killed TwoGrow's ghost
  2997 | D:4      | Reached skill level 5 in Polearms
  2997 | D:4      | Reached skill level 1 in Slings
  3312 | D:4      | Reached **** piety under Cheibriados
  3725 | D:4      | Reached XP level 8. HP: 59/66 MP: 9/9
  4114 | D:5      | Entered Level 5 of the Dungeon
  4114 | D:5      | Found a sparkling altar of Nemelex Xobeh.
  4237 | D:5      | Noticed Ijyb
  4252 | D:5      | Killed Ijyb
  4390 | D:5      | Found a shattered altar of Ashenzari.
  4596 | D:5      | Found Lonnod's Assorted Antiques.
  4601 | D:5      | Bought a scroll of identify for 36 gold pieces
  4601 | D:5      | Bought a ruby ring for 90 gold pieces
  4601 | D:5      | Bought a runed jade ring for 90 gold pieces
  4939 | D:6      | Found a basalt altar of Yredelemnul.
  4982 | D:6      | Got a faintly glowing leather armour
  5064 | D:6      | Noticed Dowan
  5067 | D:6      | Noticed Duvessa
  5097 | D:6      | Killed Dowan
  5097 | D:6      | Reached skill level 6 in Polearms
  5107 | D:6      | Killed Duvessa
  5142 | D:6      | Identified the +2 leather armour of the Boiling Point {*Contam rC++} (You found it on level 6 of the Dungeon)
  5162 | D:6      | Gained mutation: You are partially covered in slimy green scales. (AC +2) [mutagenic glow]
  5482 | D:6      | Noticed Pikel
  5504 | D:6      | Killed Pikel
  5504 | D:6      | Reached skill level 7 in Polearms
  5504 | D:6      | Reached XP level 9. HP: 48/72 MP: 10/10
  5508 | D:6      | Reached ***** piety under Cheibriados
  5548 | D:6      | Reached skill level 5 in Stealth
  5787 | D:7      | Found a staircase to the Ecumenical Temple.
  5799 | Temple   | Entered the Ecumenical Temple
  5855 | D:7      | Reached skill level 8 in Polearms
  6018 | D:7      | Found a burning altar of Makhleb.
  6107 | D:7      | Found a glowing golden altar of the Shining One.
  6536 | D:8      | Noticed a two-headed ogre
  6559 | D:8      | Killed a two-headed ogre
  6559 | D:8      | Reached skill level 5 in Fighting
  6559 | D:8      | Reached skill level 9 in Polearms
  6559 | D:8      | Reached XP level 10. HP: 50/81 MP: 11/11
  6581 | D:8      | Identified a scroll of acquirement
  6582 | D:8      | Got a jewelled broad axe
  6583 | D:8      | Identified the +7 broad axe "Yleotaerph" {antimagic, +Rage} (You acquired it on level 8 of the Dungeon)
  6626 | D:8      | Noticed a two-headed ogre
  6633 | D:8      | Killed a two-headed ogre
  6633 | D:8      | Reached skill level 1 in Axes
  6672 | D:8      | Noticed a two-headed ogre
  6673 | D:8      | Reached skill level 5 in Armour
  6680 | D:8      | Killed a two-headed ogre
  6680 | D:8      | Reached skill level 5 in Slings
  7472 | D:8      | Found an ornate altar of the Wu Jian Council.
  7530 | D:9      | Noticed a two-headed ogre
  7543 | D:9      | HP: 4/81 [two-headed ogre/giant spiked club (26)]
  7548 | D:9      | Killed a two-headed ogre
  7960 | D:9      | Noticed a two-headed ogre
  7973 | D:9      | Killed a two-headed ogre
  7973 | D:9      | Reached XP level 11. HP: 33/89 MP: 12/12
  8245 | D:9      | Lost mutation: You are partially covered in slimy green scales. (AC +2) [potion of mutation]
  8245 | D:9      | Gained mutation: You are surrounded by a mild repulsion field. (EV +2) [potion of mutation]
  8245 | D:9      | Gained mutation: Your flesh is heat resistant. (rF+) [potion of mutation]
  8250 | D:9      | Noticed Maurice
  8257 | D:9      | Killed Maurice
  8257 | D:9      | Reached skill level 10 in Polearms
  8257 | D:9      | Reached skill level 1 in Evocations
  9401 | D:8      | Annihilated by an enormous slime creature

Skill      XL: |  1  2  3  4  5  6  7  8  9 10 11 |
---------------+----------------------------------+-----
Polearms       | 2 3 4 5 7 9 10 | 10.1
Invocations    | 2 |  2.2
Throwing       | 1 |  1.2
Stealth        | 1 2 4 6 7 |  7.9
Shields        | 1 2 3 4 |  4.1
Armour         | 3 4 5 6 |  6.2
Fighting       | 4 5 6 |  6.1
Slings         | 1 2 4 6 |  6.4
Axes           | 2 |  2.5
Dodging        | 2 |  2.0
Evocations     | 1 |  1.2

Action                   |  1- 3 |  4- 6 |  7- 9 | 10-12 || total
-------------------------+-------+-------+-------+-------++-------
Melee: Spear             |   170 |   166 |   314 |       ||   650
       Trident           |       |       |   163 |   122 ||   285
       Unarmed           |       |       |     5 |       ||     5
       Broad axe         |       |       |       |    15 ||    15
 Fire: Hunting sling     |       |     8 |    66 |    69 ||   143
Throw: Stone             |    46 |    10 |    21 |     5 ||    82
Invok: Slouch            |       |       |       |     1 ||     1
Evoke: Wand              |       |       |     1 |    11 ||    12
  Use: Scroll            |     5 |     4 |    14 |     4 ||    27
       Potion            |     1 |       |     4 |     1 ||     6
 Stab: Confused          |     4 |     9 |    44 |     6 ||    63
       Invisible         |       |       |     6 |       ||     6
  Eat: Chunk             |       |     3 |    18 |     6 ||    27
       Ration            |       |     1 |     1 |       ||     2
Armor: Plate armour      |    88 |    49 |   181 |    40 ||   358
       Skin              |    26 |    21 |    20 |       ||    67
Dodge: Dodged            |    39 |    33 |   101 |    32 ||   205
Block: Buckler           |    10 |    22 |    80 |    38 ||   150
